 Dungeon Crawl Stone Soup version 0.18-a0-1267-g536a798 (webtiles) character file.

1805029 Jarlyk2 the Hoplite (level 27, 176/179 HPs)
             Began as a Gargoyle Fighter on Feb 2, 2016.
             Was a Follower of Ukayaw.
             Escaped with the Orb
             ... and 3 runes on Feb 4, 2016!
             The game lasted 04:44:04 (60130 turns).

Jarlyk2 the Hoplite (Gargoyle Fighter)             Turns: 60130, Time: 04:44:04

Health: 176/179    AC: 56    Str: 24    XL:     27
Magic:  44/44      EV: 30    Int:  9    God:    Ukayaw [*.....]
Gold:   6563       SH: 29    Dex: 24    Spells: 3 memorised, 20 levels left

rFire  + + +     SeeInvis .     a - +9 eveningstar (venom)
rCold  + . .     Gourm    .     O - +0 shadow dragon armour
rNeg   + + .     Faith    +     I - +2 large shield {AC+3}
rPois  ∞         Spirit   .     r - +2 helmet "Roezae" {rF+ Stlth+}
rElec  +         Dismiss  .     U - +2 cloak {MR+}
rCorr  .         Reflect  .     M - +2 pair of gloves
SustAt .         Harm     .     x - +0 pair of boots of Mezcal {rPois rF++ MP+9 Stlth+} (curse)
MR     ++++.                    H - amulet "Pirarur" {Faith rC+ rN+ Dex+6}
Stlth  ++........               m - ring of Shaolin {EV+8}
                                L - ring of protection from magic

@: flying, incredibly resistant to hostile enchantments, unstealthy
A: big wings, blurry vision 1, negative energy resistance 1, electricity
resistance, unbreathing, petrification resistance, rot immunity, AC +20
a: Stop Flying, Stomp, Renounce Religion
0: Orb of Zot
}: 3/15 runes: barnacled, slimy, gossamer


You escaped.
You worshipped Ukayaw.
Ukayaw was aware of your devotion.
You were not hungry.

You visited 11 branches of the dungeon, and saw 57 of its levels.
You also visited: Labyrinth, Trove, Ossuary and Ice Cave.

You collected 8831 gold pieces.
You spent 2268 gold pieces at shops.

Inventory:

Hand Weapons
 a - a +9 eveningstar of venom (weapon)
 b - a +0 blowgun
Missiles
 w - 104 poisoned needles
 E - 4 javelins (quivered)
 J - 5 curare-tipped needles
Armour
 r - the +2 helmet "Roezae" (worn) {rF+ Stlth+}
   (You found it in a treasure trove)

   It protects you from fire.
   It makes you more stealthy.
 x - the cursed +0 pair of boots of Mezcal (worn) {rPois rF++ MP+9 Stlth+}
   (You found it on level 2 of the Crypt)

   It greatly protects you from fire.
   It protects you from poison.
   It affects your magic capacity (+9).
   It makes you more stealthy.
   It has a curse placed upon it.
 I - a +2 large shield of protection (worn)
 M - a +2 pair of gloves (worn)
 O - a +0 shadow dragon armour (worn)
 U - a +2 cloak of magic resistance (worn)
Jewellery
 m - the ring of Shaolin (right hand) {EV+8}
   (You found it on level 6 of the Pits of Slime)

   [ring of evasion]

   It affects your evasion (+8).
 D - a +4 ring of protection
 H - the amulet "Pirarur" (around neck) {Faith rC+ rN+ Dex+6}
   (You found it on level 5 of the Depths)

   [amulet of faith]

   It allows you to gain divine favour quickly.
   It affects your dexterity (+6).
   It protects you from cold.
   It protects you from negative energy.
 K - an uncursed ring of resist corrosion
 L - a ring of protection from magic (left hand)
 Y - an uncursed ring of wizardry
Wands
 c - a wand of acid (5/15)
 d - a wand of digging (7/24)
 s - a wand of lightning (3/15)
 X - a wand of heal wounds (1/9)
Scrolls
 g - 17 scrolls of teleportation
 k - 7 scrolls of blinking
 n - 23 scrolls of remove curse
 y - 3 scrolls of amnesia
 z - 4 scrolls of holy word
 B - a scroll of brand weapon
 C - 5 scrolls of fear
 N - 8 scrolls of magic mapping
 P - 9 scrolls of identify
 W - 8 scrolls of fog
Potions
 e - a potion of cancellation
 i - a potion of cure mutation
 l - 25 potions of curing
 o - a potion of invisibility
 p - 14 potions of brilliance
 A - 6 potions of agility
 F - 3 potions of berserk rage
 R - 3 potions of resistance
 S - 6 potions of magic
 T - a potion of heal wounds
 V - 2 potions of might
Books
 q - a book of Summonings

   Spells                             Type                      Level
   a - Recall                         Summoning/Translocation      3
   b - Aura of Abjuration             Summoning                    5
   c - Summon Demon                   Summoning                    5
   d - Summon Forest                  Summoning/Translocation      5
   e - Summon Mana Viper              Hexes/Summoning              5
   f - Shadow Creatures               Summoning                    6
 v - the Handbook of Transformation
   (You found it on level 3 of the Realm of Zot)

   Spells                             Type                      Level
   a - Ignite Poison                  Fire/Transmutation/Poison    3
   b - Passwall                       Transmutation/Earth          3
   c - Petrify                        Transmutation/Earth          4
   d - Irradiate                      Conjuration/Transmutation    5
   e - Alistair's Intoxication        Transmutation/Poison         5
Miscellaneous
 u - a stone of tremors (inert)
 Z - a fan of gales
Comestibles
 f - 15 bread rations
 h - 13 beef jerkies
 j - 60 fruits
 t - 29 meat rations


   Skills:
 - Level 20.0 Fighting
 - Level 16.0 Maces & Flails
 + Level 19.6 Armour
 + Level 14.8 Dodging
 - Level 25.0 Shields
 - Level 2.0 Spellcasting
 + Level 18.2 Charms
 - Level 2.7 Air Magic
 - Level 16.2 Invocations
 - Level 6.6 Evocations


You had 20 spell levels left.
You knew the following spells:

 Your Spells              Type           Power        Failure   Level  Hunger
h - Haste                 Chrm           ####....     12%         6    #######
r - Repel Missiles        Chrm/Air       ###...       1%          2    ###....
B - Blink                 Tloc           N/A          98%         2    ###....


Dungeon Overview and Level Annotations

Branches:
Dungeon (15/15)            Temple (1/1) D:4            Lair (8/8) D:10
 Shoals (4/4) Lair:6       Spider (4/4) Lair:3        Slime (6/6) Lair:8
    Orc (2/2) D:9             Elf (0/3) Orc:2        Vaults (4/5) D:13
  Crypt (3/3) Vaults:2       Tomb (0/3) Crypt:3      Depths (5/5) D:15
    Zot (5/5) Depths:5

Altars:
Ashenzari
Cheibriados
Dithmenos
Elyvilon
Fedhas
Gozag
Kikubaaqudgha
Makhleb
Nemelex Xobeh
Okawaru
Pakellas
Qazlal
Ru
Sif Muna
Trog
Ukayaw
Vehumet
Xom
Yredelemnul
Zin
The Shining One

Shops:
D:4 (   D:5 }   D:14 [   D:15 :   Orc:1 :   Orc:2 **:?}   Depths:1 %

Portals:
Hell: Depths:1 Depths:2 Depths:3 Depths:4 Depths:5
Abyss: Depths:1 Depths:2 Depths:4
Pandemonium: Depths:3
Ziggurat: Depths:3

Annotations:
Shoals:4 Didn't grab loot yet, Ilsuiw


Innate Abilities, Weirdness & Mutations

You are resistant to torment.
Your stone body is resilient (AC +20).
You are immune to poison.
Your large and strong wings let you fly indefinitely.
You resist negative energy.
You are resistant to electric shocks.
You can survive without breathing.
You are immune to petrification.
You are immune to rotting.
Scrolls take you a little longer to read.


Message History

You fly upwards.
There is a stone staircase leading down here.
Things that are here:
a club; a buckler; a club You can no longer pass through a line of other dancers.
There is an open door here.
There is a stone staircase leading down here.
A Brimstone Fiend comes into view.
The Brimstone Fiend gestures at you.
The hellfire explodes!
The blast of hellfire engulfs you!
The blast of hellfire engulfs the plant.
There is a stone staircase leading up here.
The plant is engulfed in a cloud of scalding steam.
You fly upwards.
There is a stone staircase leading down here.
You reach down and open the door.
There is an open door here.
There is an open door here.
There is a staircase leading out of the dungeon here.
You have escaped!

#.......# #.##.#.# #.# ###
#.##....# #.##.#.###.# ##.##
#.#.....#####.##.......#
#.#.######.##..........####.#####
.###.......###.#.#.#.######.###
#.#.#########.#.#.#.#.........#
##.## ##.#.#.#..#####.#.# #.#
#.#.#.#.#.# #.#.# #.#
###.#@#.#..#####.#.# #.######
##..#.#.#.#.......#.#
#......###..#.#.#.#..##..#.#.#
###...#.##....#.#.#.#.#...#.#.#
.........'..................#.#
###...#.##.........##.........#
##.##.###.......###.##)##.###
##.....##.....## #.......#
####.#.#.###...## ####.####


There were no monsters in sight!

Vanquished Creatures
  the Royal Jelly (Slime:6)
  A seraph (D:5)
  4 orbs of fire (Zot:5)
  4 ancient liches
  2 juggernauts
  An iron giant (Depths:5)
  2 caustic shrikes (Depths:4)
  Nikola (Vaults:3)
  3 Killer Klowns
  A bone dragon (Crypt:3)
  7 golden dragons
  A pandemonium lord (Zot:5)
  the Enchantress (Depths:1)
  Jorgrun (Spider:4)
  17 tentacled monstrosities
  3 electric golems
  A Hell Sentinel (Zot:5)
  7 liches
  28 Orb Guardians
  A quicksilver dragon (Depths:5)
  16 acid blobs
  Agnes (D:15)
  9 death cobs
  An ancient champion (Crypt:1)
  A sphinx (Vaults:3)
  14 storm dragons
  Kirke (D:12)
  3 tengu reavers
  A revenant (Crypt:1)
  Wiglaf (Spider:4)
  3 shadow dragons
  4 draconian monks
  16 azure jellies
  Donald (Vaults:3)
  An iron dragon (Depths:5)
  7 draconian knights
  9 frost giants
  6 fire giants
  2 deep elf sorcerers
  8 vault wardens
  6 draconian scorchers
  7 emperor scorpions
  7 ghost moths
  2 curse skulls
  3 spriggan defenders (D:15)
  5 draconian shifters
  8 ironheart preservers
  3 angels
  10 draconian zealots
  3 draconian annihilators
  A ghoul (Crypt:3)
  18 stone giants
  13 very ugly things
  10 vampire knights
  4 war gargoyles (Crypt:3)
  3 draconian callers
  A salamander stormcaller (Vaults:2)
  11 green draconians
  Nessos (D:14)
  A deep elf demonologist (Depths:5)
  7 black draconians
  12 mottled draconians
  6 white draconians
  8 spark wasps
  5 red draconians
  8 purple draconians
  3 yellow draconians
  3 crystal guardians (Crypt:3)
  3 eidola
  10 ettins
  4 vault guards
  7 merfolk impalers
  7 jiangshi
  4 deep elf death magi
  A minotaur (Lab)
  12 death oozes (Slime:6)
  11 fire dragons
  A deep elf high priest (Depths:3)
  4 rakshasas
  14 yaktaur captains
  Harold (Lair:4)
  21 ice dragons
  6 entropy weavers
  12 great orbs of eyes
  9 hydras
  4 merfolk avatars
  13 ogre magi
  5 death knights
  20 centaur warriors
  5 spriggan air magi
  2 catoblepae (D:15)
  An alligator snapping turtle (Shoals:4)
  4 dancing weapons (Crypt:3)
  A death yak (D:10)
  4 deep troll shamans
  8 merfolk aquamancers
  4 tengu warriors
  8 deep troll earth magi
  A satyr (Shoals:4)
  An orc high priest (Orc:2)
  18 hell knights
  Urug (Lair:4)
  5 vampire magi
  A titan zombie (Crypt:1)
  7 spriggan berserkers
  3 deep elf knights
  20 skeletal warriors
  A titan skeleton (Crypt:3)
  A sun demon (Depths:3)
  A fire crab (Vaults:1)
  An iron troll (Depths:2)
  3 shadow wraiths
  8 unseen horrors
  A storm dragon skeleton (Vaults:3)
  A giant orange brain (Vaults:2)
  6 sea snakes
  An infernal demonspawn (Depths:3)
  The ghost of mibe the Slicer, a novice FoEE of Ukayaw (D:6)
  2 flayed ghosts
  14 phantasmal warriors
  A cherub (D:5)
  19 ironbrand convokers
  10 orc knights
  A golden dragon skeleton (Crypt:3)
  20 deep trolls
  2 deep elf archers (Vaults:4)
  A shadow dragon zombie (Crypt:1)
  7 hill giants
  An anaconda skeleton (Crypt:3)
  14 necromancers
  An orb spider (shapeshifter) (Depths:4)
  4 wizards
  A sphinx zombie (Vaults:3)
  15 harpies
  10 hornets
  9 orb spiders
  29 wolf spiders
  7 orc sorcerers
  4 deep elf magi
  2 shining eyes (Slime:6)
  2 frost giant zombies (Depths:1)
  8 fauns
  2 fire giant zombies
  8 cyclopes
  9 griffons
  44 ugly things
  4 salamanders (Vaults:2)
  9 manticores
  A stone giant zombie (Crypt:3)
  8 sirens
  11 elephants
  19 moths of wrath
  A sixfirhy (Depths:3)
  13 black mambas
  A fire giant skeleton (Depths:1)
  10 water nymphs
  A guardian serpent (shapeshifter) (Depths:3)
  A guardian serpent (Lair:8)
  2 eyes of devastation
  A moth of wrath (shapeshifter) (Vaults:3)
  A smoke demon (Depths:3)
  11 spiny frogs
  4 ice statues
  13 vault sentinels
  An orange demon (Depths:3)
  4 kobold demonologists
  7 komodo dragons
  A shock serpent skeleton (Crypt:3)
  A komodo dragon (shapeshifter) (Depths:1)
  An efreet (D:15)
  9 demonic crawlers
  A yaktaur (shapeshifter) (Vaults:4)
  A dire elephant skeleton (Crypt:3)
  A tormentor (Depths:3)
  11 ice devils
  5 tengu conjurers
  54 yaktaurs
  3 yaktaur skeletons
  2 fire drakes
  A fire drake (shapeshifter) (D:15)
  13 trolls
  A hydra zombie (Crypt:3)
  A red devil (Zot:5)
  19 freezing wraiths
  2 redback zombies
  2 polar bears (Depths:1)
  46 jumping spiders
  60 slime creatures
  8 boulder beetles
  21 merfolk
  2 ettin zombies
  27 two-headed ogres
  2 stone giant simulacra (Vaults:2)
  An ice dragon zombie (Crypt:3)
  17 blink frogs
  A snapping turtle (shapeshifter) (Depths:3)
  A fire dragon zombie (Crypt:3)
  6 snapping turtles
  A fire giant simulacrum (Vaults:2)
  65 flying skulls
  30 tarantellas
  14 wyverns
  83 redbacks
  A spriggan (shapeshifter) (Depths:1)
  A tarantella (shapeshifter) (Vaults:4)
  A ynoxinul (D:4)
  A redback (shapeshifter) (Vaults:2)
  A fire dragon skeleton (Crypt:3)
  8 vampires
  2 spriggans
  84 yaks
  A human (shapeshifter) (Vaults:4)
  20 water elementals
  A spriggan skeleton (Depths:1)
  9 wraiths
  5 basilisks
  11 hippogriffs
  2 hogs (D:12)
  A human (D:12)
  6 vampire mosquitoes
  5 chaos spawn (Depths:2)
  3 steam dragons (Lair:8)
  4 wargs
  4 small abominations (Depths:2)
  4 large abominations
  4 mottled dragons
  A merfolk zombie (Crypt:1)
  A soldier ant (shapeshifter) (Vaults:1)
  A deep troll skeleton (Vaults:3)
  9 porcupines
  A torturous demonspawn skeleton (Crypt:3)
  22 water moccasins
  A spiny frog skeleton (Crypt:2)
  A sky beast (D:7)
  29 orc warriors
  6 ice beasts
  An anubis guard zombie (Crypt:2)
  6 eyes of draining
  A phantom (D:4)
  11 wasps
  An elf zombie (Vaults:3)
  2 necrophages
  11 boggarts
  22 centaurs
  56 ogres
  23 crocodiles
  A big kobold (shapeshifter) (Depths:3)
  4 big kobolds (D:8)
  A manticore skeleton (Crypt:3)
  A fire drake skeleton (Crypt:2)
  2 hog skeletons (Crypt:1)
  16 giant frogs
  A cyclops zombie (Crypt:2)
  3 human skeletons (Vaults:3)
  A glowing shapeshifter simulacrum (Vaults:2)
  A water moccasin zombie (D:7)
  A cyclops skeleton (Crypt:2)
  A wyvern skeleton (D:13)
  7 scorpions
  A water moccasin skeleton (D:5)
  A warg zombie (Crypt:1)
  13 jellies
  15 killer bees
  A troll zombie (Crypt:2)
  5 electric eels
  A troll skeleton (Crypt:2)
  12 wights
  6 crimson imps
  5 centaur zombies
  3 quasits
  The ghost of LifeFF the Cutter, a weakling VSGl (D:4)
  A giant frog zombie (D:9)
  15 human zombies
  Crazy Yiuf (D:7)
  14 orc priests
  A basilisk skeleton (Crypt:1)
  10 centaur skeletons
  A gnoll shaman (Orc:1)
  7 hounds
  2 iron imps (Depths:3)
  4 giant frog skeletons
  5 hell rats (Lair:4)
  12 orc wizards
  7 iguanas
  16 worker ants
  42 sheep
  A naga zombie (Crypt:1)
  3 hound zombies (Ossuary)
  A tengu skeleton (Crypt:3)
  A hound skeleton (D:7)
  2 mummies (Ossuary)
  2 worker ant zombies
  3 gnolls (Orc:1)
  A scorpion zombie (Crypt:2)
  16 adders
  91 river rats
  6 shadow imps
  10 white imps
  9 ufetubi
  4 oozes
  5 adder zombies
  4 worms
  3 giant geckos
  81 orcs
  10 giant cockroaches
  3 goblins (D:2)
  7 hobgoblins
  5 jackals
  5 quokkas
  3 ball pythons
  6 bats
  A giant gecko skeleton (D:6)
  5 giant newts
  A gnoll skeleton (Crypt:2)
  A gnoll zombie (Ossuary)
  2 goblin zombies (Ossuary)
  4 hobgoblin zombies (Ossuary)
  5 jackal zombies (Ossuary)
  11 kobolds
  2 kobold zombies
  2 quokka zombies (Ossuary)
  7 rats
  A bush (D:15)
  4 fungi
2488 creatures vanquished.

Vanquished Creatures (collateral kills)
  An acid blob (Slime:5)
1 creature vanquished.

Vanquished Creatures (others)
  2 eldritch tentacles
  A ghost moth (Spider:4)
  An ogre mage (Vaults:2)
  A dancing weapon (Crypt:3)
  A skeletal warrior (Crypt:3)
  A fire drake (Lair:8)
  3 redbacks
  A tarantella (Spider:2)
  A human (D:12)
  A boggart (Vaults:2)
  An orc priest (Vaults:4)
  A worker ant (Lair:8)
  A white imp (IceCv)
  2 ufetubi (IceCv)
  2 orcs
  3 bushes (D:15)
  337 eldritch tentacle segments
  28 fungi
  6 lost souls
  59 plants
453 creatures vanquished.

Grand Total: 2942 creatures vanquished

Notes
Turn   | Place    | Note
--------------------------------------------------------------
     0 | D:1      | Jarlyk2 the Gargoyle Fighter began the quest for the Orb.
     0 | D:1      | Reached XP level 1. HP: 14/14 MP: 1/1
   388 | D:1      | Reached XP level 2. HP: 19/19 MP: 2/2
   920 | D:2      | Found a shattered altar of Ashenzari.
  1155 | D:2      | Reached skill level 4 in Shields
  1169 | D:2      | Found a snail-covered altar of Cheibriados.
  1219 | D:2      | Reached XP level 3. HP: 20/23 MP: 3/3
  1524 | D:2      | Found an iron altar of Okawaru.
  1901 | D:3      | Noticed a scorpion
  1904 | D:3      | Reached XP level 4. HP: 17/28 MP: 4/4
  2089 | D:3      | Reached skill level 5 in Shields
  2150 | D:3      | Reached XP level 5. HP: 27/32 MP: 5/5
  2912 | D:4      | Noticed LifeFF's ghost (weakling VSGl)
  2939 | D:4      | Found Feyvuder's Antique Weapon Shop.
  2997 | D:4      | Reached XP level 6. HP: 33/37 MP: 6/6
  3063 | D:4      | Killed LifeFF's ghost
  3100 | D:4      | Reached skill level 6 in Shields
  3185 | D:4      | Reached skill level 5 in Maces & Flails
  3284 | D:4      | Noticed a phantom
  3309 | D:4      | Killed a phantom
  3309 | D:4      | Reached XP level 7. HP: 29/41 MP: 7/7
  3449 | D:4      | Found a staircase to the Ecumenical Temple.
  3456 | Temple   | Entered the Ecumenical Temple
  3487 | Temple   | Became a worshipper of Ukayaw the Reveler
  3611 | D:4      | Found a deep blue altar of Sif Muna.
  3645 | D:4      | Reached * piety under Ukayaw
  3699 | D:5      | Entered Level 5 of the Dungeon
  3701 | D:5      | Found Zytif's Gadget Shop.
  3782 | D:5      | Reached ** piety under Ukayaw
  3794 | D:5      | Reached *** piety under Ukayaw
  3798 | D:5      | Reached **** piety under Ukayaw
  3814 | D:5      | Reached skill level 7 in Shields
  3994 | D:5      | Found a sand-covered staircase.
  4003 | Ossuary  | Entered an ossuary
  4314 | Ossuary  | Noticed neil's ghost (novice TrMo)
  4334 | Ossuary  | Reached XP level 8. HP: 25/46 MP: 6/8
  4342 | Ossuary  | Reached ***** piety under Ukayaw
  4660 | D:5      | Found an iron altar of Okawaru.
  4691 | D:5      | Reached skill level 1 in Invocations
  5007 | D:5      | Reached skill level 8 in Shields
  5383 | D:5      | Found a runed door.
  5395 | D:5      | Found a runed door.
  5559 | D:6      | Noticed mibe's ghost (novice FoEE)
  5587 | D:6      | Killed mibe's ghost
  5587 | D:6      | Reached skill level 5 in Invocations
  5587 | D:6      | Reached XP level 9. HP: 51/51 MP: 10/12
  5623 | D:6      | Found a shadowy altar of Dithmenos.
  6476 | D:7      | Noticed Crazy Yiuf
  6479 | D:7      | Killed Crazy Yiuf
  7002 | D:4      | Bought a runed eveningstar for 330 gold pieces
  7157 | D:7      | Reached skill level 9 in Maces & Flails
  7492 | D:8      | Reached skill level 5 in Fighting
  7782 | D:8      | Reached XP level 10. HP: 51/59 MP: 14/14
  7802 | D:8      | Noticed a three-headed hydra
  7807 | D:8      | Reached skill level 10 in Maces & Flails
  7815 | D:8      | Killed a three-headed hydra
  7897 | D:8      | Reached skill level 5 in Armour
  8492 | D:9      | Reached ****** piety under Ukayaw
  8492 | D:9      | Reached skill level 11 in Maces & Flails
  8570 | D:9      | Found a staircase to the Orcish Mines.
  8918 | D:10     | Entered Level 10 of the Dungeon
  8979 | D:10     | Killed an unseen horror
  8979 | D:10     | Reached XP level 11. HP: 58/63 MP: 15/15
  9167 | D:10     | Found a staircase to the Lair.
  9168 | D:10     | Noticed a death yak
  9180 | D:10     | Killed a death yak
  9180 | D:10     | Reached skill level 12 in Maces & Flails
  9180 | D:10     | Reached skill level 10 in Shields
  9208 | Lair:1   | Entered Level 1 of the Lair of Beasts
  9417 | Lair:1   | Noticed a six-headed hydra
  9422 | Lair:1   | Noticed a faun
  9443 | Lair:1   | Killed a faun
  9443 | Lair:1   | Reached skill level 1 in Dodging
  9446 | Lair:1   | Killed a six-headed hydra
 10656 | Lair:2   | Reached skill level 13 in Maces & Flails
 10727 | Lair:2   | Reached XP level 12. HP: 44/68 MP: 16/16
 10815 | Lair:2   | Noticed a seven-headed hydra
 10830 | Lair:2   | Killed a seven-headed hydra
 11315 | Lair:3   | Got a black opal-studded ring mail
 11396 | Lair:3   | Found a labyrinth entrance.
 11414 | Lab      | Entered a labyrinth
 11596 | Lab      | Found an exit through the horrors of the Abyss.
 11718 | Lab      | Noticed a minotaur
 11727 | Lab      | Killed a minotaur
 11736 | Lab      | Identified the Incunabulum of Boosts
 11776 | Lab      | Identified the +4 ring mail of Zin's Castigation {Int+8} (You found it on level 3 of the Lair of Beasts)
 11899 | Lair:3   | Found a hole to the Spider Nest.
 12601 | Lair:3   | Reached skill level 14 in Maces & Flails
 12930 | Lair:4   | Noticed Harold
 12950 | Lair:4   | Killed Harold
 12967 | Lair:4   | Noticed Urug
 12974 | Lair:4   | Killed Urug
 13086 | Lair:4   | Noticed a four-headed hydra
 13098 | Lair:4   | Killed a four-headed hydra
 13444 | Lair:5   | Reached skill level 5 in Dodging
 13516 | Lair:5   | Reached XP level 13. HP: 44/72 MP: 17/17
 13812 | Lair:5   | Gained mutation: You possess an exceptional clarity of mind. [potion of beneficial mutation]
 13879 | Lair:5   | Reached skill level 15 in Maces & Flails
 14399 | Lair:5   | Upgraded the game from 0.18-a0-1250-g928b01e to 0.18-a0-1267-g536a798
 15168 | Lair:6   | Found a staircase to the Shoals.
 15817 | Lair:7   | Reached skill level 16 in Maces & Flails
 15996 | Lair:7   | Gained mutation: Your large and strong wings let you fly indefinitely. [Gargoyle growth]
 15996 | Lair:7   | Reached XP level 14. HP: 50/78 MP: 18/18
 16517 | Lair:8   | Entered Level 8 of the Lair of Beasts
 17487 | Lair:8   | Found a staircase to the Slime Pits.
 17922 | Lair:8   | Reached skill level 10 in Armour
 18653 | Orc:1    | Entered Level 1 of the Orcish Mines
 18677 | Orc:1    | Found Tunieh's Book Shop.
 18884 | Orc:2    | Entered Level 2 of the Orcish Mines
 18983 | Orc:2    | Found Deohuaro's General Store.
 19183 | Orc:2    | Found a staircase to the Elven Halls.
 19236 | Orc:2    | Found Jogudaod's Book Shop.
 19237 | Orc:2    | Found Xorpha's Magic Scroll Shop.
 19252 | Orc:2    | Reached XP level 15. HP: 83/88 MP: 21/21
 19552 | Orc:2    | Found Ogheyw's Assorted Antiques.
 19557 | Orc:2    | Found Rocevitt's Gadget Boutique.
 19745 | Orc:1    | Paralysed by an orc sorcerer for 5 turns
 21184 | D:12     | Noticed Kirke
 21205 | D:12     | Killed Kirke
 21573 | D:13     | Found a frozen archway.
 21585 | D:13     | You are sucked into a shaft for 2 floors!
 21585 | D:15     | Entered Level 15 of the Dungeon
 21610 | D:15     | Reached skill level 10 in Invocations
 21665 | D:14     | Found an oddly glowing altar of Pakellas.
 21812 | IceCv    | Entered an ice cave
 22311 | IceCv    | Identified the Reference Book on Lethal Fascination
 22319 | IceCv    | Got a translucent demon whip
 22781 | IceCv    | Identified the +8 demon whip of the Throat {flame, rPois} (You found it in an ice cave)
 22963 | D:13     | Reached skill level 10 in Fighting
 22972 | D:13     | Found a gate to the Vaults.
 23148 | D:13     | Reached skill level 15 in Shields
 23152 | D:13     | Reached XP level 16. HP: 97/97 MP: 9/23
 23434 | D:14     | Found Guriyts's Armour Shoppe.
 23452 | D:14     | Bought a +2 helmet of intelligence for 258 gold pieces
 23467 | D:14     | Learned a level 2 spell: Repel Missiles
 23536 | D:14     | Identified a scroll of acquirement
 23537 | D:14     | Got a smoking ivory amulet
 23538 | D:14     | Identified the amulet of Colant {Spirit rC+ MR+ Str+6} (You acquired it on level 14 of the Dungeon)
 23585 | D:14     | Reached skill level 1 in Spellcasting
 23636 | D:14     | Reached skill level 1 in Charms
 23764 | D:14     | Noticed Nessos
 23788 | D:14     | Killed Nessos
 24071 | D:15     | Reached skill level 1 in Air Magic
 24368 | D:15     | Noticed Agnes
 24376 | D:15     | Killed Agnes
 24875 | D:15     | Found a staircase to the Depths.
 24985 | D:15     | Found Zeucw's Book Emporium.
 25315 | Spider:1 | Entered Level 1 of the Spider Nest
 26659 | Spider:2 | Reached XP level 17. HP: 106/106 MP: 24/26
 27081 | Spider:3 | Reached skill level 1 in Evocations
 28250 | Spider:4 | Entered Level 4 of the Spider Nest
 28598 | Spider:4 | Noticed Jorgrun
 28607 | Spider:4 | Killed Jorgrun
 28889 | Spider:4 | Noticed Wiglaf
 28918 | Spider:4 | Killed Wiglaf
 28933 | Spider:4 | Reached XP level 18. HP: 49/114 MP: 0/28
 28944 | Spider:4 | Reached skill level 5 in Evocations
 29108 | Spider:4 | Got a gossamer rune of Zot
 29664 | Shoals:1 | Entered Level 1 of the Shoals
 29795 | Shoals:1 | Got a fine plate armour
 29809 | Shoals:1 | Identified the cursed +0 plate armour "Fuah" {rElec MP-9 Dex+5} (You found it on level 1 of the Shoals)
 32286 | Shoals:4 | Entered Level 4 of the Shoals
 32449 | Shoals:4 | Reached XP level 19. HP: 25/122 MP: 11/30
 32548 | Shoals:4 | Noticed Ilsuiw
 33078 | Shoals:4 | Got a barnacled rune of Zot
 33390 | Vaults:1 | Entered Level 1 of the Vaults
 33438 | Vaults:1 | Reached skill level 15 in Invocations
 34032 | Vaults:1 | Reached skill level 15 in Fighting
 35348 | Vaults:2 | Reached skill level 5 in Charms
 35773 | Vaults:2 | Got a brightly glowing chain mail
 35805 | Vaults:2 | Identified the +6 chain mail "Luurgh" {rN+ Str-5 Slay+3} (You found it on level 2 of the Vaults)
 35980 | Vaults:2 | Gained mutation: You are agile. (Dex +2) [a neqoxec]
 36106 | Vaults:2 | Found a staircase to the Crypt.
 36532 | Vaults:2 | Found a portal to a secret trove of treasure.
 36663 | Vaults:1 | Reached XP level 20. HP: 131/131 MP: 32/32
 36756 | D:15     | Bought a book of Envenomations for 1080 gold pieces
 36966 | Vaults:2 | You paid a toll of a book of Envenomations to enter a treasure trove
 36967 | Trove    | Entered a treasure trove
 36978 | Trove    | Got a crude helmet
 36989 | Trove    | Identified the +2 helmet "Roezae" {rF+ Stlth+} (You found it in a treasure trove)
 36998 | Trove    | Got a twisted hat
 37009 | Trove    | Identified the +1 hat of Impermeability {MR++} (You found it in a treasure trove)
 37021 | Trove    | Got a pair of translucent gloves
 37032 | Trove    | Identified the +1 pair of gloves of the Chupacabra {+Inv MP+9 Int+2 Slay-6} (You found it in a treasure trove)
 38165 | Vaults:3 | Reached skill level 10 in Charms
 38172 | Vaults:3 | Noticed Donald
 38199 | Vaults:3 | Killed Donald
 38495 | Vaults:3 | Noticed Nikola
 38500 | Vaults:3 | Killed Nikola
 40011 | Vaults:4 | Reached XP level 21. HP: 136/136 MP: 33/33
 40013 | Vaults:4 | Reached skill level 17 in Shields
 40537 | D:15     | Bought a book of Enchantments for 600 gold pieces
 40545 | D:15     | Learned a level 6 spell: Haste
 40597 | Depths:1 | Entered Level 1 of the Depths
 40597 | Depths:1 | Found a gateway to Hell.
 40635 | Depths:1 | Noticed the Enchantress
 40635 | Depths:1 | Killed the Enchantress
 41049 | D:15     | Reached skill level 18 in Shields
 41180 | Depths:1 | Found Zownisoczi's Food Shop.
 41353 | Depths:1 | Learned a level 2 spell: Blink
 41392 | Depths:1 | Found a one-way gate to the infinite horrors of the Abyss.
 41647 | Depths:1 | Found a glowing golden altar of the Shining One.
 41895 | Depths:1 | Reached skill level 19 in Shields
 43086 | Depths:3 | Reached skill level 20 in Shields
 43219 | Depths:3 | Reached XP level 22. HP: 130/141 MP: 30/34
 43348 | Depths:3 | Found a one-way gate leading to the halls of Pandemonium.
 43661 | Depths:3 | Found a gateway to a ziggurat.
 43951 | Depths:3 | Reached skill level 21 in Shields
 45597 | Depths:4 | Noticed a juggernaut
 45611 | Depths:4 | Killed a juggernaut
 45632 | Depths:4 | Noticed a caustic shrike
 45643 | Depths:4 | Killed a caustic shrike
 45643 | Depths:4 | Reached skill level 22 in Shields
 45939 | Depths:4 | Reached XP level 23. HP: 137/149 MP: 35/35
 45962 | Depths:4 | Noticed a golden dragon
 45964 | Depths:4 | Noticed a caustic shrike
 45969 | Depths:4 | Killed a golden dragon
 45970 | Depths:4 | Killed a caustic shrike
 46173 | Depths:5 | Entered Level 5 of the Depths
 46184 | Depths:5 | Noticed an iron giant
 46196 | Depths:5 | Killed an iron giant
 46489 | Depths:5 | Noticed a juggernaut
 46505 | Depths:5 | Killed a juggernaut
 47095 | Depths:5 | Got a faintly glowing pewter amulet
 47096 | Depths:5 | Identified the amulet "Pirarur" {Faith rC+ rN+ Dex+6} (You found it on level 5 of the Depths)
 47147 | Depths:5 | Reached skill level 23 in Shields
 47166 | Depths:5 | Found a gate to the Realm of Zot.
 47166 | Depths:5 | Noticed a golden dragon
 47174 | Depths:5 | Killed a golden dragon
 47786 | Crypt:1  | Entered Level 1 of the Crypt
 48059 | Crypt:1  | Found an ancient bone altar of Kikubaaqudgha.
 48387 | Crypt:1  | Reached XP level 24. HP: 159/159 MP: 35/35
 48458 | Crypt:1  | Reached skill level 24 in Shields
 48625 | Crypt:1  | Paralysed by a vampire knight for 2 turns
 49209 | Crypt:2  | Got a pair of blackened boots
 49230 | Crypt:2  | Identified the cursed +0 pair of boots of Mezcal {rPois rF++ MP+9 Stlth+} (You found it on level 2 of the Crypt)
 50279 | Crypt:3  | Entered Level 3 of the Crypt
 50595 | Crypt:3  | Got a shimmering cloak
 50606 | Crypt:3  | Identified the +1 cloak of Xaephaan {rElec rF++ rCorr Int-4} (You found it on level 3 of the Crypt)
 50932 | Crypt:3  | Reached skill level 25 in Shields
 51436 | Crypt:3  | Found a staircase to the Tomb.
 51532 | Crypt:3  | Noticed an ancient lich
 51571 | Crypt:3  | Killed an ancient lich
 51640 | Crypt:3  | Found a basalt altar of Yredelemnul.
 51730 | Crypt:3  | Got a wavering wooden ring
 51736 | Crypt:3  | Identified the ring "Itsey" {rPois rN++ Int+2 Dex-4 Stlth+} (You took it off a hell knight on level 3 of the Crypt)
 51738 | Crypt:3  | Got a twisted battleaxe {speed}
 51739 | Crypt:3  | Identified the +5 battleaxe of Disharmony {speed, -Tele +Inv rF++ Int+4} (You took it off a hell knight on level 3 of the Crypt)
 52317 | Slime:1  | Entered Level 1 of the Pits of Slime
 53079 | Slime:6  | Entered Level 6 of the Pits of Slime
 53081 | Slime:6  | Gained mutation: You occasionally shout uncontrollably at your foes. [a shining eye]
 53083 | Slime:6  | Gained mutation: You are dopey. (Int -2) [a shining eye]
 53089 | Slime:5  | Lost mutation: You possess an exceptional clarity of mind. [potion of cure mutation]
 53089 | Slime:5  | Lost mutation: You are dopey. (Int -2) [potion of cure mutation]
 53089 | Slime:5  | Lost mutation: You are agile. (Dex +2) [potion of cure mutation]
 53097 | Slime:6  | Reached XP level 25. HP: 154/168 MP: 35/35
 53135 | Slime:6  | Noticed the Royal Jelly
 53330 | Slime:6  | Killed the Royal Jelly
 53330 | Slime:6  | Reached skill level 10 in Dodging
 53505 | Slime:6  | Identified the Grimoire of Dusty Displacement
 53509 | Slime:6  | Got a slimy rune of Zot
 53518 | Slime:6  | Identified the Grimoire of Moulding
 53578 | Slime:6  | Got a crude turquoise ring
 53580 | Slime:6  | Got a heavily runed bone ring
 53583 | Slime:6  | Identified the ring "Cuym" {Ice rN++ MR- Dex+7} (You found it on level 6 of the Pits of Slime)
 53584 | Slime:6  | Identified the ring "Vuirchux" {rPois Stlth+} (You found it on level 6 of the Pits of Slime)
 53600 | Slime:6  | Got a shimmering silver ring
 53601 | Slime:6  | Identified the ring "Kamuurr" {rF+ Str+4 Dex+2} (You found it on level 6 of the Pits of Slime)
 53606 | Slime:6  | Identified a +2 rod of destruction (13/13) (You found it on level 6 of the Pits of Slime)
 53609 | Slime:6  | Identified Toeregyk's Foundations of Witchery (You found it on level 6 of the Pits of Slime)
 54250 | Zot:1    | Entered Level 1 of the Realm of Zot
 54261 | Zot:1    | Lost mutation: You occasionally shout uncontrollably at your foes. [potion of cure mutation]
 54563 | Zot:1    | Reached skill level 15 in Armour
 55043 | Zot:1    | Reached skill level 15 in Charms
 55829 | Zot:2    | Reached XP level 26. HP: 85/174 MP: 35/35
 56185 | Zot:3    | Identified the Handbook of Transformation
 57797 | Zot:5    | Entered Level 5 of the Realm of Zot
 58436 | Zot:5    | Noticed an ancient lich
 58472 | Zot:5    | Noticed an orb of fire
 58489 | Zot:5    | Gained mutation: You are occasionally teleported next to monsters. [an orb of fire]
 58492 | Zot:5    | Noticed an orb of fire
 58498 | Zot:5    | Gained mutation: You tend to lose your temper in combat. [an orb of fire]
 58499 | Zot:5    | Killed an orb of fire
 58499 | Zot:5    | Reached XP level 27. HP: 157/179 MP: 35/35
 58502 | Zot:5    | Killed an orb of fire
 58531 | Zot:5    | Killed an ancient lich
 58795 | Zot:5    | Lost mutation: You tend to lose your temper in combat. [potion of cure mutation]
 58795 | Zot:5    | Lost mutation: You are occasionally teleported next to monsters. [potion of cure mutation]
 58904 | Zot:5    | Noticed an orb of fire
 58906 | Zot:5    | Noticed an ancient lich
 58906 | Zot:5    | Gained mutation: Scrolls take you a little longer to read. [an orb of fire]
 58928 | Zot:5    | Killed an orb of fire
 58930 | Zot:5    | Killed an ancient lich
 58930 | Zot:5    | Noticed an ancient lich
 58945 | Zot:5    | Killed an ancient lich
 58985 | Zot:5    | Noticed an orb of fire
 58987 | Zot:5    | Killed an orb of fire
 59387 | Zot:5    | Got the Orb of Zot
 59470 | Zot:5    | Noticed Vakh the pandemonium lord
 59481 | Zot:5    | Killed Vakh the pandemonium lord
 59608 | Zot:1    | Noticed Waim the pandemonium lord
 59686 | Depths:3 | Noticed Zothymigoih the pandemonium lord
 59689 | Depths:3 | Noticed Riesen the pandemonium lord
 60007 | D:5      | Noticed a seraph
 60022 | D:5      | Killed a seraph
 60130 | D:$      | Escaped with the Orb!

Vault maps used:
D:1:      lightli_arrival_chessboard
D:2:      cheibriados_altar_1, marbit_many_paths, serial_bayou,
          serial_bayou_shore_a, serial_bayou_pond_c, serial_bayou_pond_e,
          serial_bayou_lake_a, serial_bayou_pond_d, nicolae_ashenzari_panopticon
D:3:      minmay_door_path, portal_sewer_entry_b
D:4:      minmay_temple_entry_junction, serial_shops, shop_fountains,
          minmay_misc_feat_tiny, led_sif_pool
D:5:      lemuel_insect_pit, first_bread, serial_shops, shop,
          nicolae_ossuary_entry_plus, minmay_misc_feat_plants, okawaru_trees_1
D:6:      grunt_dithmenos_smoke
D:7:      uniq_crazy_yiuf_cottage
D:8:      hangedman_ranch
D:9:      david_orc_4
D:10:     david_lair_generic, st_stairs_10
D:11:     nicolae_underground_beach
D:12:     uniq_kirke
D:13:     david_vaults_5, portal_ice_cave_entry_pillars_03
D:14:     serial_shops, shop, hangedman_abyss_or_decor_stagger,
          grunt_pakellas_salt, uniq_nessos
D:15:     hangedman_depths_entry_civil_slaughter, serial_park_square2,
          serial_shops, nicolae_shop_stone, uniq_agnes
Temple:   grunt_circular_temple_18
Lair:1:   st_stairs_4, serial_bayou_ford_a, grunt_forest_large_clearings,
          serial_bayou_shore_b
Lair:3:   spider_nest_entry_rubble, lab_entry_generic, lemuel_fruit_fields
Lair:4:   uniq_urug, uniq_harold
Lair:5:   beast_lair_carwin_1, grunt_megastairs_2
Lair:6:   minmay_shoals_entry_beasts, beast_lair_carwin_9, grunt_megastairs_3,
          bh_autumn_forest_stairs
Lair:8:   guppyfry_lair_end_dragon, hangedman_lair_tendril_chambers,
          nicolae_slime_entry_slimehenge, serial_bayou_pond_e
Shoals:1: hangedman_shoals_cup_caves
Shoals:4: shoals_end_grunt_ice, shoals_ilsuiw_alternative
Spider:4: grunt_spider_rune_parallel, uniq_jorgrun, uniq_wiglaf
Slime:2:  basic_altar, nicolae_slime_phagocytosis
Slime:3:  cheibrodos_slime_lost_civilization_7
Orc:1:    serial_shops, shop_fountains
Orc:2:    st_orc_open, serial_shops, shop
Vaults:1: nicolae_vaults_alarming, ontoclasm_vaults_fault,
          vaults_standard_mumra_lines, v_misc_1, v_rooms_1, st_star,
          vaults_dpeg_encased_lava, ontoclasm_vaults_idyll, vaults_room_fours,
          nicolae_vaults_ring_of_whatevers, v_misc_9, vaults_room_fancy_cross
Vaults:2: st_lines, minmay_crypt_entry_simple_box, ontoclasm_vaults_ring_small,
          nicolae_vaults_windows_and_doors_thing, vaults_standard_mumra_x,
          nicolae_vaults_three_branches, vaults_room_hallway,
          vaults_room_semicircle, nicolae_vaults_mini_display_case,
          enter_trove_2
Vaults:3: v_alt_pattern_2, nicolae_vaults_little_squares_1, v_misc_11,
          nicolae_vaults_halls_meeting, nicolae_vaults_shelves_hall,
          vaults_mumra_hex, dpeg_vaults_monster_box, uniq_nikola, uniq_donald
Vaults:4: nicolae_vaults_twisting_passages, nicolae_vaults_yaktaur_gun_rack,
          hangedman_vaults_capsules, v_misc_5, ontoclasm_vaults_shout,
          nicolae_vaults_ring_of_whatevers, hangedman_vaults_slice, v_misc_2,
          grunt_vaults_diagonal
Crypt:1:  lemuel_vampire_tower
Crypt:2:  serial_glass, glass_columns_a, glass_columns_a
Crypt:3:  cryptofortress_bobbens
Depths:1: abrahamwl_protected_by_tso_3, nicolae_two_hexagons, abyss_entry,
          serial_shops, nicolae_shop_trees, hangedman_coc_ice_floe, ice2_lemuel,
          uniq_enchantress
Depths:2: constructs_gauntlet_mu_hangedman, minmay_room_of_horrors, hell_entry,
          hangedman_abyss_or_decor_passed, basic_stair_grate_trap,
          infiniplex_staircase_pool_2
Depths:3: hourglass_vault, enter_ziggurat_f, grunt_pan_entry_sceptre,
          hell_entry, infiniplex_staircase_zigzag_3, kennysheep_two_boxes,
          basic_stair_grate_trap
Depths:4: kennysheep_large_spiral, abyss_entry, hangedman_tar_grid_catacomb,
          infiniplex_staircase_star, grunt_megastairs_5
Depths:5: grunt_zot_entry_tricorne, pf_hell_entry_great_geh,
          minmay_pinched_square
Zot:1:    kennysheep_oblong_rooms
Zot:3:    kennysheep_blocky_hall
Lab:      nicolae_lab_dead_adventurers, labyrinth_glass_1,
          nicolae_lab_checkerboard, nicolae_lab_big_swirl, nicolae_lab_x,
          lab_block, labyrinth_fake_exit, nicolae_lab_do_over
Trove:    trove_armour_1
Ossuary:  minmay_ossuary_two_tombs
IceCv:    ice_cave_small_demon

Action                   |  1- 3 |  4- 6 |  7- 9 | 10-12 | 13-15 | 16-18 | 19-21 | 22-24 | 25-27 || total
-------------------------+-------+-------+-------+-------+-------+-------+-------+-------+-------++-------
Melee: Flail             |   127 |   188 |   366 |       |       |       |       |       |       ||   681
       Eveningstar       |       |       |    70 |   544 |  1561 |  1375 |  1614 |  1949 |  1394 ||  8507
       Demon whip        |       |       |       |       |    88 |       |       |       |       ||    88
 Fire: Blowgun           |       |       |       |     4 |       |       |       |       |       ||     4
Throw: Tomahawk          |       |    17 |    14 |    10 |     9 |     4 |       |       |       ||    54
       Javelin           |       |       |       |       |       |       |       |     4 |     6 ||    10
 Cast: Repel Missiles    |       |       |       |       |       |     5 |     4 |     2 |       ||    11
       Haste             |       |       |       |       |       |       |       |       |     2 ||     2
Invok: Stomp             |       |       |     2 |     3 |     9 |     6 |     4 |     2 |       ||    26
       Line Pass         |       |       |     1 |     4 |     4 |     2 |     3 |     1 |       ||    15
       Grand Finale      |       |       |       |     3 |    12 |    11 |    10 |     7 |    18 ||    61
 Abil: Fly               |       |       |       |       |     1 |       |       |       |       ||     1
Evoke: Wand              |       |       |       |       |     4 |    10 |     2 |     8 |    27 ||    51
       Stone of tremors  |       |       |       |       |       |       |       |     1 |     2 ||     3
       Fan of gales      |       |       |       |       |       |       |       |       |     1 ||     1
  Use: Potion            |       |     1 |     3 |     2 |     2 |     5 |       |     3 |    18 ||    34
       Scroll            |       |     2 |    16 |    10 |    10 |    17 |    14 |     5 |    16 ||    90
 Stab: Confused          |       |       |     2 |       |     1 |     1 |     2 |     1 |       ||     7
       Paralysed         |       |       |     2 |    24 |   131 |    96 |   139 |   127 |    99 ||   618
       Sleeping          |       |       |       |     1 |    10 |     6 |    16 |    21 |    10 ||    64
       Distracted        |       |       |       |       |     2 |     1 |     2 |     5 |     3 ||    13
       Invisible         |       |       |       |       |       |    11 |       |       |       ||    11
  Eat: Chunk             |     3 |     5 |    10 |    21 |    40 |    25 |    43 |    23 |     2 ||   172
       Beef jerky        |       |       |     1 |       |       |       |       |       |     3 ||     4
       Bread ration      |       |       |     1 |       |       |       |       |     3 |    11 ||    15
       Pizza             |       |       |       |     1 |       |     7 |     3 |     2 |     1 ||    14
       Fruit             |       |       |       |       |     2 |     2 |     1 |       |     4 ||     9
       Royal jelly       |       |       |       |       |     1 |     2 |       |     1 |       ||     4
